 Dungeon Crawl Stone Soup version 0.24.0-2-g5b39cebb1c (webtiles) character file.

Game seed: 4946693177424047487, levelgen mode: deterministic

13839 Aviak the Nimble (level 12, 0/86 HPs)
             Began as an Octopode Enchanter on Oct 30, 2019.
             Was an Initiate of Gozag.
             Succumbed to a water moccasin's poison
             ... on level 2 of the Lair of Beasts.
             The game lasted 00:35:09 (16988 turns).

Aviak the Nimble (Octopode Enchanter)              Turns: 16988, Time: 00:35:09

Health: 0/86       AC:  1    Str:  9      XL:     12   Next: 10%
Magic:  17/22      EV: 21    Int: 19 (21) God:    Gozag
Gold:   809        SH:  0    Dex: 16 (17) Spells: 11/25 levels left

rFire    + . .     SeeInvis .   b - +1 dagger (venom)
rCold    . . .     Gourm    .   (no shield)
rNeg     . . .     Faith    .   (helmet restricted)
rPois    .         Spirit   .   (no amulet)
rElec    .         Reflect  .   A - ring of flight
rCorr    .         Harm     .   F - ring of protection from fire
MR       .....                  u - +3 ring of intelligence
Stlth    +++++.....             e - +2 ring of dexterity
HPRegen  0.24/turn              (no ring)
MPRegen  0.18/turn              (no ring)
                                (no ring)
                                (no ring)

@: lethally poisoned (0 -> -1)
A: almost no armour, stealthy swim, amphibious, 8 rings, constrict 8, camouflage
1, gelatinous body 1
a: Potion Petition, Call Merchant, Bribe Branch, Renounce Religion, Evoke Flight


You were on level 2 of the Lair of Beasts.
You worshipped Gozag.
Gozag was pleased with you.
You were not hungry.

You visited 3 branches of the dungeon, and saw 13 of its levels.
You also visited: Sewer and Ossuary.

You collected 2171 gold pieces.
You spent 612 gold pieces at shops.
You paid 750 gold pieces to Gozag.

Inventory:

Hand Weapons
 a - a +1 dagger
 b - a +1 dagger of venom (weapon)
Jewellery
 e - a +2 ring of dexterity (on tentacle)
 p - an uncursed ring of fire
 u - a +3 ring of intelligence (on tentacle)
 A - a ring of flight (left tentacle)
 E - a -3 ring of evasion
 F - a ring of protection from fire (right tentacle)
Wands
 j - a wand of iceblast (10)
 z - a wand of acid (8)
 H - a wand of scattershot (4)
 K - a wand of flame (20)
Scrolls
 h - a scroll of torment {!r}
 m - 2 scrolls of enchant weapon
 n - 5 scrolls of enchant armour
 o - 2 scrolls of fear
 r - 3 scrolls of remove curse
 t - 4 scrolls of teleportation
 w - 3 scrolls of fog
 y - 3 scrolls of amnesia
 D - 2 scrolls of magic mapping {unknown}
 J - a scroll of brand weapon {unknown}
Potions
 d - a potion of might
 f - 2 potions of haste
 g - a potion of agility
 k - 4 potions of lignification {!q}
 l - 3 potions of cancellation
 q - 2 potions of resistance
 s - a potion of brilliance
 v - 3 potions of degeneration {!q!q}
 B - 4 potions of flight
 C - 4 potions of mutation {!q}
 I - a potion of berserk rage
 L - a potion of magic {unknown}
Miscellaneous
 x - a box of beasts
Comestibles
 c - 8 rations


   Skills:
 + Level 9.6 Fighting
 + Level 5.5 Short Blades
 + Level 10.2 Dodging
 - Level 8.6 Stealth
 - Level 7.0 Spellcasting
 - Level 5.0 Conjurations
 - Level 4.0 Hexes
 - Level 5.5 Fire Magic
 + Level 1.1 Evocations


You had 11 spell levels left.
You knew the following spells:

 Your Spells              Type           Power        Failure   Level  Hunger
a - Corona                Hex            ###....      1%          1    None
b - Ensorcelled Hibernat  Hex/Ice        ##....       7%          2    None
c - Confuse               Hex            ###.....     6%          3    #......
d - Flame Tongue          Conj/Fire      ####.        1%          1    None
e - Dazzling Spray        Conj/Hex       ###...       4%          3    #......
f - Sticky Flame          Conj/Fire      ####....     12%         4    ###....

Your spell library contained the following spells:

 Spells                   Type           Power        Failure   Level  Hunger
 Throw Flame              Conj/Fire      ####..       1%          2    None
 Conjure Flame            Conj/Fire      ####....     3%          3    #......
 Inner Flame              Hex/Fire       ###.....     4%          3    #......
 Tukima's Dance           Hex            ###.....     6%          3    #......
 Summon Small Mammal      Summ           #...         10%         1    None
 Summon Guardian Golem    Hex/Summ       ##......     13%         3    #......
 Call Imp                 Summ           #.......     16%         2    None
 Call Canine Familiar     Summ           #.......     30%         3    #......
 Fireball                 Conj/Fire      ####......   32%         5    #####..
 Summon Ice Beast         Ice/Summ       #.......     69%         4    ###....
 Summon Lightning Spire   Summ/Air       #.......     69%         4    ###....


Dungeon Overview and Level Annotations

Branches:
Dungeon (10/15)            Temple (1/1) D:6            Lair (2/6) D:9
  Sewer (visited)         Ossuary (visited)
  Swamp: Lair:2-4    Shoals: Lair:2-4     Snake: Lair:2-4    Spider: Lair:2-4
    Orc: D:9-12

Altars:
Ashenzari
Cheibriados
Dithmenos
Elyvilon
Fedhas
Gozag
Hepliaklqana
Kikubaaqudgha
Makhleb
Nemelex Xobeh
Okawaru
Qazlal
Ru
Sif Muna
Trog
Uskayaw
Vehumet
Wu Jian
Xom
Yredelemnul
Zin
The Shining One

Shops:
D:4 !   D:8 %

Annotations:
D:3 Sigmund
Lair:1 exclusion: 2 oklob plants


Innate Abilities, Weirdness & Mutations

You cannot wear most types of armour.
You are very stealthy in the water. (Stealth+)
You are amphibious.
You can wear up to eight rings at the same time.
You can use your tentacles to constrict eight enemies at once.
Your skin changes colour to match your surroundings (Stealth+).
Your rubbery body absorbs attacks. (AC +1, EV +1)


Message History

The spray of energy hits the wolf.
The wolf is lightly wounded.
The wolf misses you. The wolf completely misses you. The wolf bites you!
* * * LOW HITPOINT WARNING * * *
You feel sick. The wolf bites you.
* * * LOW HITPOINT WARNING * * *
The wolf bites you.
* * * LOW HITPOINT WARNING * * *
The wolf completely misses you.
Okay, then.
As you read the scroll of fear, it crumbles to dust.
You assume a fearsome visage.
The wolf looks frightened! x2
The black bear looks frightened!
You hit the wolf but do no damage.
Your attack snaps the wolf out of its fear.
You grab the wolf. You squeeze the wolf!
The wolf is heavily wounded.
You constrict the wolf, but do no damage.
You die...
Your body crumbles into a pile of gold.

..............................##
.#P##..####.P.##h##....#.####..#
.####.#.P##.#.##.#P..####.###.##
.................h............#
.......P#..#.#....h.P#....#.#.#
..............................##
..##.##.#......h####..........P#
.#######........)h###.........##
................@.h............#
#.######...#.####.##.#P.#####.##
### ####### ######### ###


You could see a black bear (fleeing) and 2 wolves.

Vanquished Creatures
  A centaur warrior (D:8)
  A wizard (D:10)
  Pikel (D:7)
  Psyche (D:8)
  3 spiny frogs
  A centaur skeleton (D:10)
  A komodo dragon (Lair:1)
  3 trolls
  7 blink frogs (Lair:1)
  4 hippogriffs
  3 yaks (Lair:1)
  A hungry ghost (D:8)
  8 water moccasins
  2 porcupines
  An orc warrior (D:6)
  A black bear (D:9)
  3 sky beasts
  Duvessa (D:7)
  2 ice beasts
  3 slaves (D:7)
  2 phantoms
  A necrophage (D:6)
  6 ogres
  11 wolves (Lair:2)
  2 centaurs (D:8)
  4 crocodiles
  A big kobold (Sewer)
  8 bullfrogs
  Dowan (D:7)
  A wyvern skeleton (D:9)
  4 scorpions
  4 killer bees (D:10)
  5 wights
  2 howler monkeys
  4 crimson imps
  2 quasits
  Crazy Yiuf (D:5)
  A centaur zombie (D:5)
  8 hounds
  3 bullfrog skeletons
  6 orc priests
  3 jellies
  4 orc wizards
  Ijyb (D:5)
  5 iguanas
  7 worker ants
  6 big kobold zombies (Ossuary)
  A mummy (Ossuary)
  3 worker ant zombies
  2 howler monkey skeletons
  10 adders
  2 shadow imps
  3 oozes (D:3)
  An adder skeleton (D:5)
  2 worms
  A dart slug (D:4)
  5 leopard geckos
  33 orcs
  3 spectral bats (Ossuary)
  6 bats
  9 giant cockroaches
  15 goblins
  8 hobgoblins
  9 jackals
  8 quokkas
  2 bat simulacra (Ossuary)
  3 frilled lizards (D:3)
  6 gnoll zombies (Ossuary)
  7 goblin simulacra (Ossuary)
  4 goblin zombies (Ossuary)
  5 hobgoblin zombies (Ossuary)
  10 kobolds
  5 kobold simulacra (Ossuary)
  6 kobold zombies (Ossuary)
  3 orc zombies (Ossuary)
  A quokka skeleton (D:4)
  A quokka zombie (D:7)
  13 rats
  5 rat simulacra (Ossuary)
  3 spectral goblins (Ossuary)
  4 spectral kobolds (Ossuary)
  A spectral rat (Ossuary)
351 creatures vanquished.

Vanquished Creatures (collateral kills)
  A hydra (Lair:1)
  A komodo dragon (Lair:2)
  A wyvern (D:9)
3 creatures vanquished.

Vanquished Creatures (others)
  2 fungi (Lair:2)
  4 plants
6 creatures vanquished.

Grand Total: 360 creatures vanquished

Notes
Turn   | Place    | Note
-------+----------+-------------------------------------------
     0 | D:1      | Aviak the Octopode Enchanter began the quest for the Orb.
     0 | D:1      | Reached XP level 1. HP: 11/11 MP: 3/3
    53 | D:1      | Reached XP level 2. HP: 17/17 MP: 5/5
   730 | D:1      | Reached XP level 3. HP: 21/21 MP: 6/6
  1891 | D:2      | Learned a level 2 spell: Ensorcelled Hibernation
  1895 | D:2      | Learned a level 3 spell: Confuse
  2027 | D:3      | Found a bloodstained altar of Trog.
  2056 | D:3      | Noticed Sigmund
  2059 | D:3      | Reached XP level 4. HP: 23/27 MP: 7/7
  2274 | D:3      | Found a glowing drain.
  2292 | Sewer    | Entered a sewer
  2375 | Sewer    | Noticed a big kobold
  2394 | Sewer    | Killed a big kobold
  2394 | Sewer    | Reached skill level 3 in Dodging
  2394 | Sewer    | Reached skill level 5 in Stealth
  2394 | Sewer    | Reached XP level 5. HP: 7/31 MP: 4/8
  2687 | Sewer    | Found a glowing silver altar of Zin.
  2918 | D:3      | Found a sparkling altar of Nemelex Xobeh.
  3376 | D:4      | Noticed an ogre
  3670 | D:4      | Killed an ogre
  3670 | D:4      | Reached skill level 1 in Fighting
  3670 | D:4      | Reached XP level 6. HP: 38/38 MP: 5/9
  4064 | D:4      | Learned a level 3 spell: Dazzling Spray
  4195 | D:4      | Found Momukus's Distillery.
  4198 | D:4      | Bought a potion of curing for 36 gold pieces
  4198 | D:4      | Bought a potion of heal wounds for 60 gold pieces
  4198 | D:4      | Bought a potion of lignification for 36 gold pieces
  4632 | D:5      | Entered Level 5 of the Dungeon
  4673 | D:5      | Noticed an ice beast
  4682 | D:5      | Killed an ice beast
  4682 | D:5      | Reached XP level 7. HP: 44/44 MP: 6/10
  4698 | D:5      | Noticed Ijyb
  4939 | D:5      | Killed Ijyb
  4939 | D:5      | Reached skill level 4 in Dodging
  4939 | D:5      | Reached skill level 1 in Conjurations
  5189 | D:5      | Found a runed translucent door.
  5190 | D:5      | Noticed Crazy Yiuf
  5701 | D:5      | Killed Crazy Yiuf
  5705 | D:5      | Learned a level 1 spell: Flame Tongue
  5757 | D:6      | Reached XP level 8. HP: 51/51 MP: 11/11
  5801 | D:6      | Reached skill level 1 in Fire Magic
  6255 | D:6      | Found a staircase to the Ecumenical Temple.
  6270 | Temple   | Entered the Ecumenical Temple
  6373 | Temple   | Became a worshipper of Gozag Ym Sagoz the Greedy
  6482 | D:6      | Reached skill level 5 in Dodging
  7890 | D:7      | Reached XP level 9. HP: 15/59 MP: 9/12
  8582 | D:7      | Noticed Duvessa
  8582 | D:7      | Noticed Dowan
  8597 | D:7      | Killed Duvessa
  8597 | D:7      | Reached skill level 6 in Dodging
  8601 | D:7      | Killed Dowan
  8664 | D:7      | Noticed Pikel
  8782 | D:7      | Killed Pikel
  8782 | D:7      | Reached skill level 5 in Fighting
  8782 | D:7      | Reached skill level 5 in Conjurations
  9523 | D:8      | Noticed Psyche
  9530 | D:8      | Killed Psyche
  9530 | D:8      | Reached skill level 7 in Dodging
  9542 | D:8      | Found a sand-covered staircase.
  9547 | Ossuary  | Entered an ossuary
  9958 | Ossuary  | Reached XP level 10. HP: 58/68 MP: 15/15
 10151 | D:8      | Noticed a centaur warrior
 10164 | D:8      | HP: 1/68 [centaur warrior/arrow (24)]
 10780 | D:8      | Killed a centaur warrior
 11021 | D:8      | Bought a ration for 60 gold pieces
 11021 | D:8      | Bought a ration for 60 gold pieces
 11154 | D:8      | Reached skill level 8 in Dodging
 11657 | D:8      | Reached skill level 5 in Spellcasting
 12430 | D:9      | Found a staircase to the Lair.
 12775 | D:8      | Bought a ration for 60 gold pieces
 12775 | D:8      | Bought a ration for 60 gold pieces
 12775 | D:8      | Bought a ration for 60 gold pieces
 12775 | D:8      | Bought a ration for 60 gold pieces
 12775 | D:8      | Bought a ration for 60 gold pieces
 12775 | D:8      | Bought a ration for 60 gold pieces
 12829 | D:9      | Reached skill level 9 in Dodging
 12829 | D:9      | Reached XP level 11. HP: 77/77 MP: 16/19
 13303 | D:10     | Entered Level 10 of the Dungeon
 13862 | D:10     | Noticed a wizard
 13875 | D:10     | Killed a wizard
 13954 | D:10     | Noticed a large abomination
 13955 | D:10     | Noticed a large abomination
 14438 | Lair:1   | Entered Level 1 of the Lair of Beasts
 15040 | Lair:1   | Learned a level 4 spell: Sticky Flame
 15079 | Lair:1   | Noticed a seven-headed hydra
 15184 | Lair:1   | HP: 2/80 [seven-headed hydra (7)]
 15192 | Lair:1   | Killed a seven-headed hydra
 16144 | Lair:1   | Reached skill level 5 in Fire Magic
 16252 | Lair:1   | Noticed an oklob plant
 16252 | Lair:1   | Noticed an oklob plant
 16359 | Lair:2   | Reached skill level 5 in Short Blades
 16359 | Lair:2   | Reached skill level 10 in Dodging
 16389 | Lair:2   | HP: 3/80 [wolf (8)]
 16695 | Lair:2   | Reached XP level 12. HP: 33/86 MP: 10/22
 16710 | Lair:2   | HP: 4/86 [komodo dragon (32)]
 16969 | Lair:2   | Reached skill level 1 in Evocations
 16986 | Lair:2   | HP: 1/86 [wolf (4)]
 16988 | Lair:2   | Succumbed to a water moccasin's poison

Levels and vault maps discovered:
D:1:      minmay_arrival_open_corners, layout_basic
D:2:      layout_loops_cross
D:3:      minmay_octagon_keep, layout_loops_ring, bloody_trog,
          gup_sewer_entry_pipe, nemelex_dance_club_becter, uniq_sigmund
D:4:      layout_cave_pods, first_ration, serial_shops, kennysheep_mini
D:5:      layout_rooms, uniq_crazy_yiuf_cottage, uniq_ijyb
D:6:      layout_loops_ring, minmay_temple_entry_gardened_gates
D:7:      layout_cave_pods, uniq_pikel, uniq_duvessa
D:8:      minmay_bloctagon, layout_rooms, enter_ossuary_5, uniq_psyche
D:9:      layout_cave_pools, dpeg_oklobed_lair, grunt_ogre_cave
D:10:     layout_rooms, laboratory, uniq_sonja
Temple:   kilobyte_greek_temple
Lair:1:   layout_misc_corridors, serial_bayou_shore_b, minmay_lair_oklob_chamber
Lair:2:   layout_long_grid, guppyfry_snake_entry_island, columned_hall_lemuel,
          minivault_11

Skill      XL: |  1  2  3  4  5  6  7  8  9 10 11 12 |
---------------+-------------------------------------+-----
Short Blades   | 2 3 4 5 |  5.5
Dodging        | 3 4 5 7 9 10 | 10.2
Stealth        | 5 6 7 8 |  8.6
Hexes          | 4 |  4.0
Fighting       | 1 2 4 6 8 9 |  9.6
Conjurations   | 2 4 5 |  5.0
Fire Magic     | 3 4 5 |  5.5
Spellcasting   | 3 5 7 |  7.0
Evocations     | 1 |  1.1

Action                   |  1- 3 |  4- 6 |  7- 9 | 10-12 || total
-------------------------+-------+-------+-------+-------++-------
Melee: Dagger            |    75 |   118 |   421 |   432 ||  1046
       Constrict         |    13 |    23 |    85 |    71 ||   192
       Tentacles         |    12 |    24 |    83 |   100 ||   219
 Cast: Confuse           |       |     9 |    40 |    93 ||   142
       Dazzling Spray    |       |       |     5 |    25 ||    30
       Flame Tongue      |       |       |     1 |       ||     1
       Ensorcelled Hiber |       |       |     3 |    14 ||    17
Invok: Potion Petition   |       |       |     1 |       ||     1
       Call Merchant     |       |       |       |     1 ||     1
Evoke: Wand              |       |       |     2 |     8 ||    10
       Box of beasts     |       |       |       |     4 ||     4
  Use: Scroll            |     4 |       |     3 |    12 ||    19
       Potion            |       |       |     7 |    13 ||    20
 Stab: Sleeping          |    19 |    17 |    27 |    18 ||    81
       Confused          |       |     4 |    11 |    40 ||    55
       Invisible         |       |       |     2 |     4 ||     6
       Distracted        |       |       |     1 |     5 ||     6
  Eat: Chunk             |     3 |     5 |     5 |       ||    13
       Ration            |       |     1 |     6 |     9 ||    16
Armor: Skin              |     7 |     7 |    16 |     8 ||    38
Dodge: Dodged            |    44 |    50 |   241 |   469 ||   804
